Map: Submarine LE

Players

Cybertron

  • Race: Terran Terran
  • League: Silver
  • Spawn Location: 11:00

redbusman - Winner!

  • Race: Terran Terran
  • League: Silver
  • Spawn Location: 5:00

VOD

Have the link to the VOD?

Description

Time

  • Played on: July 21, 2020, 10:43 p.m.
  • Length: 12:22
Show
View Real Time Build Order
Export as new Build Order

Cybertron Terran 

Build Orders:  

Get SALT Encoding   

  12  0:01  SCV  
  13  0:27  SCV  
  14  0:29  Supply Depot  
  14  0:39  SCV  
  15  0:58  Barracks  
  15  1:00  SCV  
  16  1:06  Refinery  
  16  1:10  Refinery  
  16  1:12  SCV  
  17  1:24  Engineering Bay, SCV  
  18  1:36  SCV  
  19  1:48  SCV  
  19  1:50  Supply Depot  
  20  1:57  Barracks Reactor  
  20  2:00  SCV  
  21  2:08  Missile Turret  
  21  2:13  SCV  
  22  2:25  SCV  
  22  2:28  Factory  
  23  2:35  Missile Turret  
  23  2:37  SCV  
  23  2:38  Marine x2  
  26  2:50  Orbital Command  
  26  2:55  Marine  
  26  2:56  Marine  
  28  3:16  Starport  
  28  3:17  Factory Tech Lab  
  28  3:22  Starport  
  28  3:32  Marine  
  28  3:33  Marine  
  30  3:50  Supply Depot  
  30  3:54  Siege Tank  
  33  4:03  Starport Tech Lab  
  33  4:04  Starport Tech Lab  
  33  4:22  Cloaking Field  
  33  4:25  Banshee x2  
  39  5:06  Command Center  
  39  5:07  Banshee  
  39  5:08  Banshee  
  45  5:34  Refinery  
  45  5:43  Refinery  
  45  5:50  Banshee x2  
  51  6:24  SCV  
  52  6:28  Orbital Command  
  52  6:33  Missile Turret  
  52  6:36  SCV  
  53  6:48  SCV  
  54  6:58  Siege Tank, Missile Turret  
  54  7:00  SCV  
  58  7:12  SCV  
  58  7:13  SCV  
  60  7:25  SCV  
  61  7:30  Siege Tank  
  64  7:37  SCV  
  65  7:49  SCV  
  63  8:01  SCV  
  63  8:03  Siege Tank  
  52  8:35  Siege Tank  
  52  8:36  SCV  
  56  8:48  SCV  
  57  8:56  Starport  
  57  8:58  Fusion Core  
  57  9:00  SCV  
  58  9:04  Armory  
  58  9:12  SCV  
  59  9:24  SCV  
  59  9:25  Missile Turret  
  59  9:30  Missile Turret  
  60  9:36  SCV  
  61  9:44  Starport Tech Lab  
  61  9:46  Siege Tank  
  61  9:48  SCV  
  61  9:51  Weapon Refit  
  65  10:00  Missile Turret  
  65  10:18  Siege Tank  
  68  10:43  Armory  
  68  10:54  Starport  
  68  10:55  Battlecruiser  
Show
View Real Time Build Order
Export as new Build Order

redbusman Terran - Winner!

Build Orders:  

Get SALT Encoding   

  12  0:01  SCV  
  13  0:13  SCV  
  14  0:19  Supply Depot  
  14  0:25  SCV  
  15  0:41  SCV  
  15  0:42  Barracks  
  16  0:49  Refinery  
  16  0:53  SCV  
  17  1:05  SCV  
  18  1:17  SCV  
  19  1:18  Supply Depot  
  19  1:34  Command Center  
  19  1:38  Marine  
  20  1:47  Orbital Command  
  20  1:54  Refinery  
  20  1:57  Barracks Reactor  
  20  2:22  SCV  
  21  2:34  SCV  
  22  2:39  Marine x2  
  24  2:46  Supply Depot, SCV  
  25  2:56  Orbital Command  
  25  2:57  Marine x2  
  27  2:58  SCV  
  28  3:06  Factory  
  28  3:10  SCV  
  29  3:15  Marine x2  
  31  3:23  SCV  
  31  3:25  SCV  
  33  3:33  Marine  
  34  3:35  SCV  
  34  3:37  SCV  
  36  3:44  Engineering Bay  
  36  3:47  SCV  
  36  3:48  Marine  
  38  3:49  SCV  
  38  3:50  Marine  
  38  3:53  Factory Tech Lab  
  40  3:59  Starport, SCV  
  40  4:01  SCV  
  42  4:06  Marine  
  42  4:08  Marine  
  44  4:13  Supply Depot, SCV  
  44  4:16  Supply Depot  
  45  4:22  Siege Tank  
  45  4:23  Marine  
  49  4:26  Marine  
  50  4:36  Barracks  
  50  4:37  Barracks  
  50  4:41  Marine  
  50  4:43  Starport Tech Lab  
  50  4:44  Marine  
  50  4:45  Refinery  
  52  4:47  Refinery  
  52  4:49  SCV  
  52  4:50  SCV  
  54  4:59  Marine  
  55  5:01  SCV  
  55  5:02  SCV  
  57  5:13  SCV  
  58  5:14  SCV  
  58  5:16  Supply Depot  
  59  5:24  Supply Depot x2  
  59  5:25  Supply Depot, SCV, Missile Turret  
  59  5:26  SCV  
  61  5:32  Missile Turret  
  61  5:48  Medivac  
  63  5:50  Marine x4  
  63  5:55  Factory Tech Lab  
  63  5:56  Combat Shield  
  67  6:01  Terran Infantry Weapons Level 1  
  67  6:08  Marine x3, Engineering Bay  
  70  6:16  Marine  
  70  6:18  Medivac  
  73  6:20  Cyclone  
  76  6:25  Marine  
  76  6:26  Marine x2  
  79  6:34  Marine  
  80  6:43  Marine x2  
  80  6:44  Marauder  
  84  6:48  Medivac  
  84  6:52  Marauder  
  88  7:05  Marauder  
  90  7:09  Armory  
  90  7:11  Marine  
  90  7:12  Marine  
  90  7:13  Marauder  
  94  7:18  Medivac  
  94  7:21  Siege Tank  
  101  7:34  Missile Turret  
  101  7:36  Missile Turret x2  
  98  8:05  Missile Turret  
  94  8:06  Marine x2, Missile Turret x2  
  94  8:08  Medivac  
  94  8:10  Marauder  
  92  8:22  Stimpack  
  92  8:23  Marine  
  93  8:41  Supply Depot  
  93  8:42  SCV  
  93  8:43  Supply Depot  
  93  8:44  Supply Depot  
  94  9:02  Siege Tank, SCV x2  
  101  9:03  Marauder  
  101  9:14  SCV x2  
  105  9:24  Marauder  
  105  9:26  SCV x2  
  107  9:31  Barracks  
  107  9:38  SCV  
  107  9:39  SCV  
  107  9:41  Missile Turret x2  
  107  9:45  Marauder, Missile Turret  
  111  9:51  SCV  
  112  9:55  Armory  
  112  10:01  Hi-Sec Auto Tracking  
  112  10:06  SCV  
  113  10:18  SCV  
  114  10:30  SCV  
  115  10:41  Command Center  
  116  10:42  SCV  
  116  10:55  SCV  
  92  11:12  Marine x3  
  94  11:20  Marine  
  94  11:22  Medivac  
  96  11:30  Marine x3  
  89  11:38  Marine  
  90  11:48  Marine x3  
  95  11:55  Marine  
Tags
 
Matchup
TvT
Race
Terran
Spawn Locations
Cross Positions
Add a new tag
Caveats
  • Supply blocks, unpowered buildings, or Contaminate may cause inaccurate times.
  • Supply counts are checked every 10 seconds.